AoeStats
← CrazyBen

Black Forest

505853880Analyzed
4v4 RM · 22d ago on Sep 11, 2026· 68m 47s· 8 players
Game mode
Random Map
Map size
Large (8 player)
Population
200
Speed
Normal
Resources
Standard
Victory
Conquest
Starting age
Dark Age
Ending age
Imperial Age
RankedLock teamsTeams togetherTeam positionsShared explorationLock speedFull tech treeHidden civsTurbo modeCheats
Victory
Defeat
🇨🇳 Britons · China
1464
+14
🇨🇦 Italians · Canada
1460
+15
🇹🇼 Persians · Taiwan
1449
+15
🇨🇳 Wu · China
1418
+16
🇫🇷 Japanese · France
1467
-16
🇮🇹 Mapuche · Italy
1451
-16
🇹🇷 Franks · Türkiye
1433
-15
🇮🇪 Spanish · Ireland
1364
-13
不会进攻
1:28 Loom
11:28 Feudal Age
11:34 Man-at-Arms
12:16 Double-Bit Axe
24:21 Scale Mail Armor
24:32 Forging
25:37 Arson
30:56 Castle Age
29:31 Horse Collar
31:00 Gold Mining
31:01 Long Swordsman
31:41 Squires
33:28 Fishing Lines
34:51 Wheelbarrow
35:37 Gillnets
40:30 Imperial Age
38:30 Chain Mail Armor
38:50 Iron Casting
39:57 Bloodlines
39:47 Husbandry
41:32 Husbandry
41:39 Scale Barding Armor
42:34 Blast Furnace
41:50 Heavy Hei Guang Cavalry
42:54 Chain Barding Armor
45:55 Plate Barding Armor
45:41 Hand Cart
45:29 Heavy Plow
47:36 Plate Mail Armor
47:41 Guilds
48:11 Conscription
47:53 Sitting Tiger
50:24 Caravan
49:55 Light Cavalry
53:00 Gold Shaft Mining
52:16 Stone Mining
52:51 Bow Saw
52:20 Hussar
54:36 Two-Handed Swordsman
56:51 Ballistics
57:31 Chemistry
56:09 Champion
58:41 Coinage
58:52 Pikeman
59:37 Halberdier
championqc82
7:03 Loom
10:55 Feudal Age
14:32 Castle Age
12:52 Double-Bit Axe
12:47 Horse Collar
13:13 Gold Mining
15:04 Wheelbarrow
15:45 Bow Saw
27:26 Imperial Age
26:05 Hand Cart
26:12 Squires
25:59 Arson
26:42 Stone Mining
26:53 Heavy Plow
27:32 Scale Mail Armor
27:42 Forging
28:04 Fletching
29:37 Conscription
29:33 Chain Mail Armor
29:54 Iron Casting
31:06 Plate Mail Armor
32:00 Chemistry
31:20 Ballistics
32:59 Bodkin Arrow
33:29 Bombard Tower
33:44 Bracer
34:13 Elite Genoese Crossbowman
36:16 Thumb Ring
38:52 Caravan
40:09 Two-Man Saw
39:40 Crop Rotation
39:46 Coinage
39:27 Guilds
40:57 Silk Road
41:32 Banking
46:11 Blast Furnace
45:12 Padded Archer Armor
47:06 Arrowslits
47:16 Murder Holes
47:32 Masonry
48:30 Leather Archer Armor
56:34 Onager
58:50 Ring Archer Armor
62:33 Pikeman
65:37 Town Watch
67:52 Pirotechnia
68:18 Hoardings
67:50 Scale Barding Armor
67:07 Man-at-Arms
68:43 Stone Shaft Mining
67:30 Elite Skirmisher
三千
0:29 Loom
12:03 Feudal Age
16:58 Castle Age
15:32 Double-Bit Axe
16:06 Fletching
30:17 Crossbowman
33:46 Padded Archer Armor
36:16 Bodkin Arrow
38:33 Wheelbarrow
38:29 Town Watch
39:46 Leather Archer Armor
41:49 Bow Saw
44:33 Imperial Age
42:21 Hand Cart
43:10 Ballistics
44:40 Arbalester
45:22 Bracer
45:52 Ring Archer Armor
45:44 Conscription
49:41 Scale Mail Armor
49:52 Forging
49:37 Gold Mining
49:37 Stone Mining
51:05 Yeomen
52:25 Caravan
55:40 Two-Man Saw
55:00 Warwolf
56:03 Chemistry
54:45 Treadmill Crane
56:16 Horse Collar
60:40 Siege Engineers
61:37 Guard Tower
61:59 Masonry
61:44 Murder Holes
61:35 Arrowslits
64:03 Heavy Plow
64:32 Guilds
67:11 Architecture
67:17 Keep
68:34 Coinage
68:46 Gold Shaft Mining
68:50 Iron Casting
68:30 Chain Mail Armor
68:20 Scale Barding Armor
68:29 Fortified Wall
eddy1343712
12:01 Feudal Age
15:33 Castle Age
13:31 Fishing Lines
13:44 Double-Bit Axe
17:22 Bow Saw
23:15 Bloodlines
25:12 Horse Collar
26:14 Wheelbarrow
25:25 Loom
25:54 Scale Barding Armor
27:07 Chain Barding Armor
28:04 Gold Mining
31:52 Imperial Age
29:39 Hand Cart
29:27 Heavy Plow
30:22 Gold Shaft Mining
30:15 Forging
30:16 Husbandry
30:49 Gillnets
31:12 Stone Mining
32:02 Iron Casting
31:29 Cavalier
32:45 Plate Barding Armor
33:15 Crop Rotation
34:06 Blast Furnace
32:55 Heavy Camel Rider
32:59 Savar
34:14 Coinage
34:47 Caravan
37:01 Banking
41:58 Conscription
42:24 Elite War Elephant
50:58 Devotion
56:33 Fletching
57:19 Citadels
57:31 Ballistics
58:11 Chemistry
61:20 Bodkin Arrow
Wololoagain1
3:29 Loom
11:45 Feudal Age
16:00 Castle Age
14:10 Double-Bit Axe
18:39 Padded Archer Armor
19:34 Fletching
19:38 Horse Collar
21:58 Bow Saw
23:52 Fishing Lines
29:59 Imperial Age
28:48 Wheelbarrow
29:08 Gillnets
29:13 Gold Mining
30:16 Leather Archer Armor
32:34 Ring Archer Armor
33:33 Hand Cart
34:05 Conscription
34:02 Bloodlines
33:53 Husbandry
36:01 Chemistry
36:20 Cavalier
37:44 Scale Barding Armor
37:49 Forging
42:54 Two-Man Saw
43:51 Caravan
45:37 Heavy Plow
47:46 Chain Barding Armor
48:57 Paladin
52:01 Plate Barding Armor
54:56 Block Printing
55:03 Sanctity
54:54 Fervor
58:36 Light Cavalry
59:56 Inquisition
62:37 Illumination
jiri.hradec.jr
2:04 Loom
10:08 Feudal Age
11:05 Double-Bit Axe
26:36 Castle Age
29:14 Crossbowman
32:04 Fletching
37:26 Imperial Age
35:43 Bodkin Arrow
37:09 Padded Archer Armor
39:26 Horse Collar
43:18 Wheelbarrow
44:40 Chemistry
43:41 Malon
44:02 Conscription
44:46 Elite Bolas Rider
46:30 Leather Archer Armor
47:18 Bow Saw
49:54 Gold Mining
50:09 Heavy Plow
50:00 Stone Mining
51:58 Town Watch
52:32 Butalmapu
53:40 Forging
60:12 Elite Skirmisher
61:27 Scale Mail Armor
60:49 Pikeman
62:31 Ballistics
62:12 Halberdier
CrazyBen
12:26 Feudal Age
16:17 Castle Age
14:28 Double-Bit Axe
17:15 Bow Saw
17:57 Fishing Lines
20:59 Horse Collar
24:13 Loom
26:03 Heavy Plow
26:17 Gillnets
27:33 Wheelbarrow
27:24 Fletching
31:31 Imperial Age
29:01 Bodkin Arrow
29:08 Padded Archer Armor
29:41 Yasama
30:17 Scale Mail Armor
31:08 Forging
31:22 Ballistics
30:54 Guard Tower
31:20 Chain Mail Armor
32:30 Squires
33:18 Leather Archer Armor
33:36 Plate Mail Armor
33:43 Keep
32:54 Arrowslits
34:08 Kataparuto
34:21 Hand Cart
34:29 Conscription
33:53 Elite Samurai
34:55 Kataparuto
35:15 Hoardings
35:25 Bracer
35:20 Elite Samurai
37:51 Conscription
38:21 Pikeman
39:01 Halberdier
41:56 Coinage
44:00 Two-Man Saw
44:32 Chemistry
43:13 Treadmill Crane
43:44 Masonry
55:59 Murder Holes
csknahmet27
0:27 Loom
13:48 Feudal Age
17:27 Castle Age
16:15 Double-Bit Axe
20:51 Fletching
25:57 Fishing Lines
37:28 Imperial Age
35:37 Wheelbarrow
35:41 Forging
35:31 Scale Mail Armor
35:18 Pikeman
35:59 Squires
37:36 Iron Casting
37:17 Chain Mail Armor
37:33 Hand Cart
38:32 Conscription
38:07 Halberdier
40:24 Plate Mail Armor
42:37 Town Watch
43:57 Gambesons
46:32 Chivalry
46:14 Cavalier
46:55 Husbandry
47:29 Paladin
48:47 Scale Barding Armor
50:02 Chain Barding Armor
Connection lost

Rejoining the realm…

Still unreachable

The connection could not be restored.

Session expired

The server has moved on; the page needs a fresh start.